Map: [ESL] Inside and Out

Players

herO - Winner!

  • Race: Protoss Protoss
  • Spawn Location: 7:00

Serral

  • Race: Zerg Zerg
  • Spawn Location: 1:00

VOD

Have the link to the VOD?

Description

Time

  • Played on: Nov. 4, 2022, 1:07 p.m.
  • Length: 12:00
Show
View Real Time Build Order
Export as new Build Order

herO Protoss - Winner!

Build Orders: 1 Gate Expand, Mass Adepts 

Get SALT Encoding   

  12  0:00  Probe  
  13  0:12  Probe  
  14  0:17  Pylon  
  14  0:24  Probe (Chrono Boost)  
  16  0:36  Probe (Chrono Boost)  
  16  0:42  Gateway  
  16  0:43  Probe (Chrono Boost)  
  16  0:47  Assimilator  
  17  0:50  Probe  
  18  1:03  Probe  
  19  1:15  Probe  
  20  1:24  Nexus  
  20  1:35  Cybernetics Core  
  20  1:37  Probe  
  21  1:41  Assimilator  
  21  1:49  Probe  
  22  1:54  Pylon  
  22  2:01  Probe (Chrono Boost)  
  23  2:11  Warp Gate  
  23  2:12  Adept  
  23  2:13  Probe (Chrono Boost)  
  26  2:22  Probe (Chrono Boost)  
  27  2:24  Twilight Council  
  27  2:28  Probe (Chrono Boost)  
  28  2:36  Probe (Chrono Boost)  
  32  2:45  Adept  
  32  2:46  Probe x2 (Chrono Boost)  
  33  2:55  Resonating Glaives (Chrono Boost)  
  33  2:57  Probe x2  
  34  3:06  Gateway  
  34  3:07  Gateway  
  34  3:10  Gateway  
  34  3:14  Probe  
  34  3:15  Probe  
  34  3:19  Adept  
  38  3:25  Pylon  
  38  3:26  Probe  
  40  3:27  Probe  
  40  3:39  Probe x2  
  40  3:41  Pylon  
  42  3:51  Probe x2  
  44  4:00  Adept x2  
  48  4:03  Stalker  
  48  4:04  Adept  
  48  4:05  Probe  
  48  4:06  Probe  
  48  4:07  Pylon  
  54  4:16  Nexus  
  54  4:28  Adept x3  
  54  4:29  Adept  
  54  4:30  Probe  
  63  4:31  Probe  
  64  4:40  Pylon  
  64  4:42  Probe  
  64  4:43  Probe  
  66  4:52  Forge  
  66  4:54  Shield Battery, Probe  
  66  4:55  Probe, Pylon  
  68  5:04  Adept x4  
  66  5:10  Shield Battery  
  66  5:14  Probe x2  
  64  5:24  Adept x2  
  64  5:25  Adept x2  
  64  5:27  Probe x2 (Chrono Boost)  
  64  5:28  Probe (Chrono Boost)  
  74  5:29  Protoss Ground Weapons Level 1 (Chrono Boost)  
  74  5:38  Charge (Chrono Boost)  
  74  5:39  Probe x2 (Chrono Boost)  
  74  5:40  Probe (Chrono Boost)  
  77  5:44  Probe (Chrono Boost)  
  77  5:46  Probe x2 (Chrono Boost)  
  77  5:47  Robotics Facility  
  80  5:52  Adept  
  80  5:53  Adept, Probe  
  85  5:58  Adept  
  86  6:08  Probe  
  86  6:09  Probe  
  84  6:20  Adept x4  
  84  6:21  Nexus  
  88  6:28  Pylon  
  88  6:32  Gateway x2  
  87  6:33  Gateway  
  87  6:34  Gateway  
  87  6:35  Immortal (Chrono Boost)  
  90  6:46  Probe x3  
  93  6:47  Shield Battery  
  93  6:49  Pylon  
  93  6:55  Zealot x4  
  93  6:59  Probe  
  93  7:00  Probe x2  
  104  7:04  Pylon  
  104  7:06  Gateway  
  104  7:07  Warp Prism (Chrono Boost)  
  104  7:08  Gateway  
  106  7:21  Zealot x4  
  112  7:28  Robotics Bay, Protoss Ground Weapons Level 2 (Chrono Boost)  
  112  7:29  Robotics Facility, Probe x2  
  114  7:36  Probe  
  115  7:40  Observer  
  116  7:48  Zealot  
  116  7:49  Zealot x7  
  130  8:04  Pylon  
  130  8:05  Pylon  
  130  8:06  Pylon  
  130  8:08  Pylon  
  120  8:12  Zealot  
  120  8:13  Zealot x9  
  120  8:19  Disruptor (Chrono Boost)  
  99  8:34  Zealot x10  
  99  8:36  Disruptor  
  112  8:45  Probe x2, Assimilator  
  112  8:46  Probe x2, Assimilator  
  102  8:50  Gravitic Drive (Chrono Boost)  
  98  8:57  Probe  
  98  8:58  Probe x2  
  98  9:02  Zealot x7  
  103  9:14  Zealot  
  103  9:15  Zealot x2  
  109  9:21  Blink (Chrono Boost)  
  108  9:25  Nexus  
  108  9:29  Pylon  
  108  9:37  Immortal x2  
  112  9:42  Zealot  
  112  9:43  Zealot x5  
  124  9:49  Stalker x3  
  130  9:53  Probe x3  
  130  9:54  Probe  
  130  9:57  Photon Cannon  
  134  10:04  Observer  
  134  10:07  Stalker x4  
  134  10:14  Stalker  
  124  10:23  Stalker x2  
  124  10:27  Shield Battery, Probe x3  
  117  10:30  Photon Cannon, Pylon  
  117  10:37  Observer  
  117  10:43  Probe x2  
  119  10:51  Stalker x6  
  119  10:52  Zealot x4  
  139  10:58  Photon Cannon  
  139  11:04  Gateway  
  139  11:05  Gateway  
  139  11:14  Stalker x5  
  139  11:16  Zealot x5  
  155  11:37  Zealot x10  
Show
View Real Time Build Order
Export as new Build Order

Serral Zerg 

Build Orders: Hatch First 

Get SALT Encoding   

  12  0:00  Drone  
  13  0:12  Overlord  
  13  0:17  Drone  
  14  0:30  Drone x2  
  16  0:44  Drone  
  17  0:51  Hatchery  
  17  0:55  Drone  
  17  0:58  Drone  
  18  1:09  Extractor  
  17  1:15  Spawning Pool  
  17  1:17  Drone  
  17  1:20  Drone  
  18  1:27  Drone  
  19  1:39  Drone  
  20  1:49  Overlord  
  20  2:03  Queen  
  20  2:04  Queen  
  20  2:05  Zergling x4  
  26  2:12  Metabolic Boost, Drone  
  27  2:15  Drone  
  27  2:21  Drone  
  29  2:25  Drone  
  30  2:38  Hatchery  
  30  2:40  Drone  
  30  2:42  Drone  
  31  2:49  Queen  
  33  2:56  Overlord  
  32  2:58  Drone x2  
  32  3:00  Drone  
  35  3:08  Drone  
  35  3:09  Overlord  
  36  3:15  Drone x3  
  36  3:17  Drone x2  
  36  3:19  Drone  
  42  3:24  Queen  
  44  3:28  Zergling x2  
  44  3:30  Zergling x2  
  46  3:35  Roach Warren  
  46  3:37  Extractor  
  43  3:42  Zergling x2, Drone  
  43  3:45  Drone x2  
  47  3:49  Drone x3  
  47  3:54  Overlord  
  50  4:00  Overlord  
  50  4:05  Zergling x10  
  55  4:16  Roach x3  
  61  4:19  Zergling x6  
  61  4:22  Zergling x2  
  65  4:27  Zergling x4  
  65  4:31  Overlord  
  67  4:37  Ravager x2  
  69  4:40  Zergling x8, Ravager  
  74  4:48  Overlord  
  74  4:56  Drone  
  74  4:57  Drone x6  
  74  4:59  Drone  
  82  5:03  Drone x3  
  82  5:05  Drone  
  81  5:09  Lair  
  81  5:13  Evolution Chamber  
  81  5:14  Drone x2  
  81  5:18  Drone  
  75  5:27  Roach x3  
  75  5:32  Extractor  
  75  5:33  Extractor  
  75  5:35  Drone x2  
  75  5:38  Drone  
  76  5:44  Roach  
  76  5:47  Roach x2  
  76  5:48  Overlord  
  76  5:49  Zergling x8  
  86  5:55  Drone, Extractor  
  86  5:56  Extractor  
  85  5:59  Overlord x2  
  85  6:02  Overlord  
  84  6:04  Evolution Chamber  
  84  6:10  Drone x3  
  85  6:14  Drone x7  
  87  6:18  Drone  
  87  6:21  Evolution Chamber  
  87  6:22  Drone, Evolution Chamber  
  87  6:23  Drone  
  86  6:25  Drone x2  
  86  6:26  Drone x2  
  86  6:30  Zerg Melee Weapons Level 1  
  91  6:33  Drone  
  91  6:35  Baneling Nest  
  91  6:36  Drone x2  
  93  6:42  Roach x2  
  93  6:43  Glial Reconstitution  
  93  6:45  Overlord  
  97  6:47  Drone x5  
  97  6:49  Hatchery  
  97  6:51  Zergling x2  
  97  6:53  Queen x2  
  106  6:57  Queen  
  106  7:01  Zergling x6  
  111  7:12  Roach x5  
  121  7:17  Overlord x2  
  121  7:25  Centrifugal Hooks  
  121  7:26  Overlord  
  121  7:28  Overlord x2  
  121  7:30  Zergling x2  
  121  7:36  Hatchery  
  121  7:37  Overlord  
  121  7:40  Zergling x14  
  127  7:44  Zergling x8  
  127  7:48  Zergling x4  
  131  7:53  Hatchery  
  131  7:54  Roach  
  131  7:55  Zergling x4, Roach  
  131  7:56  Baneling x2  
  131  7:58  Baneling x9  
  137  8:01  Baneling x6  
  137  8:02  Zergling x4  
  137  8:09  Roach  
  137  8:10  Roach x4  
  133  8:15  Roach x4  
  133  8:19  Roach  
  124  8:22  Roach x2  
  117  8:28  Roach  
  117  8:32  Roach  
  114  8:35  Roach  
  114  8:39  Roach x4  
  119  8:45  Roach x2  
  108  8:50  Roach x3  
  113  8:58  Zergling x4  
  113  9:06  Zergling x8  
  118  9:17  Drone x7  
  118  9:23  Drone x3, Evolution Chamber  
  126  9:28  Baneling x5  
  126  9:29  Ravager  
  126  9:30  Ravager  
  126  9:31  Zergling x4  
  130  9:32  Zergling x2  
  130  9:36  Zergling x8  
  135  9:38  Zergling x2  
  135  9:39  Zergling x2  
  136  9:46  Drone x5  
  136  9:47  Drone  
  136  9:50  Zergling x2  
  142  9:55  Zergling x2  
  142  9:56  Zergling x2  
  144  10:05  Zergling x22  
  153  10:13  Zergling x10  
  155  10:22  Zergling x6  
  155  10:23  Hatchery  
  155  10:26  Overlord  
  155  10:30  Ravager x4  
  155  10:31  Baneling x13  
  159  10:38  Zergling x10  
  164  10:48  Zergling x12  
  164  10:55  Overlord  
  164  11:01  Overseer  
  164  11:02  Baneling x11  
  164  11:04  Baneling x9  
  164  11:09  Zergling x12  
  167  11:25  Baneling x3  
  166  11:29  Zergling x6  
  166  11:30  Zergling x10  
  163  11:35  Zergling x2  
  163  11:37  Roach x3  
Tags
 
Add a new tag
Caveats
  • Supply blocks, unpowered buildings, or Contaminate may cause inaccurate times.
  • Supply counts are checked every 10 seconds.